 Dungeon Crawl Stone Soup version 0.19.0-9-gfd783f2 (webtiles) character file.

2001 Chiseanne the Ducker (level 9, -14/63 HPs)
             Began as a High Elf Artificer on Nov 7, 2016.
             Was an Initiate of Vehumet.
             Demolished by a manticore (20 damage)
             ... on level 6 of the Dungeon.
             The game lasted 00:17:54 (8559 turns).

Chiseanne the Ducker (High Elf Artificer)           Turns: 8559, Time: 00:17:55

Health: -14/63     AC: 12    Str: 16    XL:     9   Next: 2%
Magic:  16/16      EV: 10    Int: 19    God:    Vehumet [......]
Gold:   210        SH:  0    Dex: 16    Spells: 1 memorised, 15 levels left

rFire  + . .     SeeInvis .     s - +2 quarterstaff (chaos)
rCold  + . .     Gourm    .     x - +0 chain mail
rNeg   . . .     Faith    .     (shield currently unavailable)
rPois  +         Spirit   .     (no helmet)
rElec  +         Reflect  .     o - +0 cloak
rCorr  +         Harm     .     n - +0 pair of gloves
MR     .....                    A - +0 pair of boots
Stlth  ..........               (no amulet)
                                (no ring)
                                v - ring of wizardry

@: mighty, resistant, barbed spikes, flying
A: no striking features
a: Renounce Religion


You were on level 6 of the Dungeon.
You worshipped Vehumet.
Vehumet was noncommittal.
You were not hungry.

You visited 2 branches of the dungeon, and saw 7 of its levels.

You collected 210 gold pieces.

Inventory:

Hand Weapons
 a - a +1 short sword of electrocution
 s - a +2 quarterstaff of chaos (weapon)
Missiles
 b - 9 tomahawks (quivered)
 i - 53 poisoned needles
 k - 148 stones
 t - 92 arrows
 w - 48 bolts
 y - 43 sling bullets
Armour
 n - a +0 pair of gloves (worn)
 o - a +0 cloak (worn)
 x - a +0 chain mail (worn)
 A - a +0 pair of boots (worn)
Magical Staves
 g - an uncursed staff of fire
Jewellery
 e - an uncursed ring of fire
 v - a ring of wizardry (left hand)
Wands
 c - a wand of slowing (0/48)
 d - a wand of enslavement (0/24)
 u - a wand of slowing (0/48)
Scrolls
 q - 3 scrolls of remove curse
 F - a scroll of magic mapping
Potions
 r - a potion of curing
 G - a potion of degeneration {unknown}
Books
 z - a book of Geomancy

   Spells                             Type                      Level
   a - Sandblast                      Earth                        1
   b - Passwall                       Transmutation/Earth          2
   c - Stone Arrow                    Conjuration/Earth            3
   d - Petrify                        Transmutation/Earth          4
   e - Lee's Rapid Deconstruction     Earth                        5
Comestibles
 f - 5 bread rations
 h - a beef jerky
 j - a meat ration
 l - 10 fruits
 D - 2 chunks of flesh


   Skills:
 * Level 6.5 Fighting
 - Level 1.2 Short Blades
 - Level 3.4 Armour
 * Level 7.5 Dodging
 - Level 1.1 Stealth
 * Level 4.4 Spellcasting
 * Level 3.2 Earth Magic
 - Level 3.0 Evocations


You had 15 spell levels left.
You knew the following spells:

 Your Spells              Type           Power        Failure   Level  Hunger
a - Sandblast             Erth           ###...       38%         1    None


Dungeon Overview and Level Annotations

Branches:
Dungeon (6/15)             Temple (1/1) D:5

Altars:
Ashenzari
Elyvilon
Fedhas
Gozag
Makhleb
Nemelex Xobeh
Okawaru
Ru
Sif Muna
Trog
Uskayaw
Vehumet
Xom
Yredelemnul

Annotations:
D:3 Uberchile's ghost, amateur OpBe
D:5 feelmyfire's ghost, novice GrFi


Message History

The manticore flicks its tail.
The volley of spikes hits you!
The barbed spikes become lodged in your body.
It was a potion of might.
You feel very mighty all of a sudden.
The manticore flicks its tail.
The volley of spikes hits you!
The barbed spikes become lodged in your body.
The barbs in your skin will harm you if you move.
Continue?
The barbed spikes dig painfully into your body as you move.
You thump the manticore! You burn the manticore.
The manticore is moderately wounded.
The manticore bites you!
* * * LOW HITPOINT WARNING * * *
The manticore claws you.
* * * LOW HITPOINT WARNING * * *
The manticore claws you.
* * * LOW HITPOINT WARNING * * *
The manticore bites you!!
You die...

.....≈ ......≈##
.)....≈≈≈ ........#
........# ........#
.......###### #........#
#########
#.H@.....###.......#
...............#.......#
#####.######...#.......#
#. #...#..#.#..# ... #
#...#..._...# ...
####...#..#.#..# .>..
........+.......#
......##
#####..[#.......#
......#.
#.).+...........#


You could see a manticore.

Vanquished Creatures
  Grinder (D:5)
  Sigmund (D:5)
  An ice beast (D:6)
  A sky beast (D:5)
  A phantom (D:5)
  A centaur (D:6)
  4 ogres
  Blork the orc (D:5)
  2 bullfrog zombies
  Crazy Yiuf (D:4)
  A crimson imp (D:5)
  4 orc wizards
  4 orc priests
  A bullfrog skeleton (D:4)
  A gnoll shaman (D:6)
  2 iguanas
  Natasha (D:3)
  7 worker ants
  A hound skeleton (D:4)
  A gnoll (D:2)
  7 adders
  2 oozes
  3 worms
  A dart slug (D:1)
  3 leopard geckos
  10 orcs
  2 ball pythons (D:1)
  7 bats
  7 giant cockroaches
  5 hobgoblins
  4 jackals
  A kobold (D:1)
  4 frilled lizards (D:1)
  9 goblins
  3 rats
105 creatures vanquished.

Vanquished Creatures (collateral kills)
  An orc warrior (D:6)
  An orc priest (D:4)
  A jelly (D:6)
  2 gnolls (D:2)
  A goblin (D:2)
  A hobgoblin (D:3)
  A jackal (D:2)
  A quokka (D:3)
  A ball python (D:6)
  A quokka skeleton (D:6)
  2 rats
13 creatures vanquished.

Vanquished Creatures (others)
  An ogre (D:6)
  2 scorpions (D:6)
  A crimson imp (D:6)
  2 gnolls
  An orc (D:6)
  2 jackals (D:2)
9 creatures vanquished.

Grand Total: 127 creatures vanquished

Notes
Turn   | Place    | Note
-------+----------+-------------------------------------------
     0 | D:1      | Chiseanne the High Elf Artificer began the quest for the Orb.
     0 | D:1      | Reached XP level 1. HP: 13/13 MP: 4/4
     6 | D:1      | Noticed a swamp drake
     6 | D:1      | Noticed a hound
     6 | D:1      | Noticed a salamander
     6 | D:1      | Noticed a crocodile
     6 | D:1      | Noticed a lindwurm
   286 | D:1      | Reached XP level 2. HP: 7/18 MP: 5/5
   837 | D:1      | Reached skill level 3 in Dodging
  1138 | D:1      | Reached XP level 3. HP: 19/24 MP: 6/6
  1877 | D:2      | Reached skill level 1 in Armour
  1882 | D:2      | Reached XP level 4. HP: 21/30 MP: 7/7
  2248 | D:2      | Found a sacrificial altar of Ru.
  2768 | D:2      | Found a bloodstained altar of Trog.
  3505 | D:3      | Reached skill level 4 in Dodging
  3624 | D:3      | Noticed Uberchile's ghost (amateur OpBe)
  3649 | D:4      | Found a shattered altar of Ashenzari.
  3664 | D:4      | Reached XP level 5. HP: 31/36 MP: 8/8
  4227 | D:3      | Noticed Natasha
  4325 | D:3      | Killed Natasha
  4348 | D:3      | Found a blossoming altar of Fedhas.
  4423 | D:4      | Noticed an ogre
  4427 | D:4      | Killed an ogre
  4427 | D:4      | Reached XP level 6. HP: 43/43 MP: 9/9
  4652 | D:4      | Found a runed door.
  4857 | D:4      | Reached skill level 5 in Dodging
  5417 | D:4      | Reached XP level 7. HP: 45/49 MP: 10/10
  6001 | D:4      | Learned a level 1 spell: Sandblast
  6063 | D:4      | Noticed Crazy Yiuf
  6069 | D:4      | Killed Crazy Yiuf
  6141 | D:5      | Entered Level 5 of the Dungeon
  6247 | D:5      | Noticed Grinder
  6264 | D:5      | Killed Grinder
  6264 | D:5      | Reached skill level 5 in Fighting
  6264 | D:5      | Reached skill level 6 in Dodging
  6264 | D:5      | Reached skill level 1 in Spellcasting
  6264 | D:5      | Reached skill level 1 in Earth Magic
  6381 | D:5      | Noticed feelmyfire's ghost (novice GrFi)
  6647 | D:5      | Reached XP level 8. HP: 48/55 MP: 12/12
  6694 | D:5      | Found a staircase to the Ecumenical Temple.
  6695 | D:5      | Noticed Sigmund
  6697 | D:5      | Noticed Blork the orc
  6725 | D:5      | Killed Blork the orc
  6738 | Temple   | Entered the Ecumenical Temple
  6893 | D:5      | Killed Sigmund
  7215 | D:4      | HP: 1/57 [something (14)]
  7768 | D:5      | Reached skill level 7 in Dodging
  8207 | D:6      | Noticed a hornet
  8207 | D:6      | an ice beast changed into a hornet
  8212 | D:6      | Paralysed by a hornet for 1 turns
  8418 | D:6      | Noticed a manticore
  8457 | D:6      | Reached XP level 9. HP: 60/63 MP: 16/16
  8513 | D:6      | Found a shimmering altar of Xom.
  8517 | D:6      | Found a radiant altar of Vehumet.
  8525 | D:6      | Became a worshipper of Vehumet
  8559 | D:6      | Demolished by a manticore

Skill      XL: |  1  2  3  4  5  6  7  8 |
---------------+-------------------------+-----
Fighting       | 2 3 4 5 6 |  6.5
Dodging        | 3 4 5 6 7 |  7.5
Armour         | 1 2 3 |  3.4
Spellcasting   | 2 4 |  4.4
Earth Magic    | 1 3 |  3.2
Short Blades   | |  1.2
Stealth        | |  1.1
Evocations     | |  3.0

Action                   |  1- 3 |  4- 6 |  7- 9 || total
-------------------------+-------+-------+-------++-------
Melee: Short sword       |   113 |   229 |    85 ||   427
       Quarterstaff      |       |       |   147 ||   147
Throw: Tomahawk          |       |       |     8 ||     8
Evoke: Wand              |    19 |    28 |    20 ||    67
  Use: Scroll            |       |    10 |     2 ||    12
       Potion            |       |     4 |     6 ||    10
 Stab: Sleeping          |     2 |       |       ||     2
       Paralysed         |     1 |       |     4 ||     5
  Eat: Chunk             |     3 |    12 |    10 ||    25
Armor: Leather armour    |    13 |       |       ||    13
       Ring mail         |    20 |       |       ||    20
       Chain mail        |     1 |   162 |   128 ||   291
Dodge: Dodged            |    76 |   100 |    74 ||   250
